 Dungeon Crawl Stone Soup version 0.18.1-48-g4cf74bf (webtiles) character file.

45 Metae the Sneak (level 3, -4/18 HPs)
             Began as a Spriggan Assassin on July 3, 2016.
             Slain by a worm (11 damage)
             ... on level 2 of the Dungeon.
             The game lasted 00:06:41 (1386 turns).

Metae the Sneak (Spriggan Assassin)                 Turns: 1386, Time: 00:06:41

Health: -4/18      AC:  3    Str:  7    XL:     3   Next: 42%
Magic:  5/5        EV: 18    Int: 12    God:
Gold:   47         SH:  0    Dex: 18    Spells: 0 memorised, 3 levels left

rFire  . . .     SeeInvis +     a - +2 dagger
rCold  . . .     Gourm    .     c - +0 robe
rNeg   . . .     Faith    .     (shield restricted)
rPois  .         Spirit   .     (helmet restricted)
rElec  .         Dismiss  .     d - +0 cloak
rCorr  .         Reflect  .     (gloves unavailable)
SustAt .         Harm     .     (boots unavailable)
MR     .....                    h - amulet of magic regeneration
Stlth  ++++......               (no ring)
                                o - ring of see invisible

@: very quick, not resistant to hostile enchantments, stealthy
A: unfitting armour, see invisible, herbivore 3, speed 3, slow metabolism 2
a: no special abilities


You were on level 2 of the Dungeon.
You were not hungry.

You visited 1 branch of the dungeon, and saw 2 of its levels.

You collected 47 gold pieces.

Inventory:

Hand Weapons
 a - a +2 dagger (weapon)
 b - a +0 blowgun
 j - a +0 short sword
Missiles
 e - 20 poisoned needles
 f - 2 curare-tipped needles
Armour
 c - a +0 robe (worn)
 d - a +0 cloak (worn)
Jewellery
 h - an amulet of magic regeneration (around neck)
 o - a ring of see invisible (left hand)
Scrolls
 i - 3 scrolls of remove curse
 m - a scroll of fear {unknown}
 p - 2 scrolls of identify {unknown}
 q - a scroll of magic mapping {unknown}
Potions
 k - 2 potions of agility {unknown}
 l - 2 potions of might {unknown}
 n - a potion of brilliance {unknown}
Comestibles
 g - 2 bread rations


   Skills:
 * Level 2.1 Fighting
 + Level 2.3 Short Blades
 + Level 2.3 Throwing
 * Level 2.3 Dodging
 * Level 6.4 Stealth
 + Level 0.8 Spellcasting


You had 3 spell levels left.
You didn't know any spells.

Dungeon Overview and Level Annotations

Branches:
Dungeon (2/15)

Altars:
Makhleb
Pakellas
Trog


Innate Abilities, Weirdness & Mutations

You are tiny and cannot use many weapons and most armour.
You have supernaturally acute eyesight.
You are a herbivore.
You cover ground extremely quickly.
You need consume almost no food.


Message History

You hit the worm.
The worm is lightly wounded.
You hit the worm.
The worm is moderately wounded.
The worm barely misses you.
You hit the worm.
The worm is moderately wounded.
The worm bites you.
You barely miss the worm.
The worm is moderately wounded.
You hit the worm.
The worm is heavily wounded.
The worm bites you.
You hit the worm.
The worm is heavily wounded.
You hit the worm.
The worm is severely wounded.
The worm bites you!
Ouch! That really hurt!
You die...

.....## #..# ##.....##.....##.##
.†....# ##.# #......####.####...
......# #.## #.................#
......# #.[###..........#..#####
......# ##..##....).......## #
......######.##....÷.....### #
...................<....#########
......########...........÷......#
......## ##w@........######.#
.......##### #..........## #.#
...........## #...........## #..
.....#####..# #............######
........###.# ##........##...##
.######...#.#####......#####..###
.## ###........#..#.#######....
..# ##..#####)..#..#............
#.# #..)>.###.........##########


You could see a worm.

Vanquished Creatures
  An adder (D:2)
  An ooze (D:1)
  A worm (D:2)
  A dart slug (D:1)
  A giant cockroach (D:1)
  3 goblins
  5 hobgoblins
  2 jackals (D:2)
  5 kobolds
  A bat (D:1)
  3 giant newts
  3 rats (D:2)
27 creatures vanquished.

Notes
Turn   | Place    | Note
--------------------------------------------------------------
     0 | D:1      | Metae the Spriggan Assassin began the quest for the Orb.
     0 | D:1      | Reached XP level 1. HP: 10/10 MP: 2/2
   112 | D:1      | Reached skill level 6 in Stealth
   383 | D:1      | Reached XP level 2. HP: 15/15 MP: 3/3
   859 | D:2      | Reached XP level 3. HP: 16/18 MP: 4/4
   965 | D:2      | Found an oddly glowing altar of Pakellas.
  1013 | D:2      | Found a bloodstained altar of Trog.
  1182 | D:2      | Found a burning altar of Makhleb.
  1386 | D:2      | Slain by a worm

Skill      XL: |  1  2 |
---------------+-------+-----
Stealth        | 6 |  6.4
Dodging        | 2 |  2.3
Fighting       | 2 |  2.1
Short Blades   | |  2.3
Throwing       | |  2.3
Spellcasting   | |  0.8

Action                   || total
-------------------------++-------
Melee: Dagger            ||    81
  Use: Scroll            ||     1
 Stab: Sleeping          ||    11
Armor: Robe              ||     4
Dodge: Dodged            ||    36
